cohdb
Replays
Latest Replays
All Replays
Popular Replays
Top Player Replays
Match Explorer
How It Works
Community
CoH3 Stats
Reddit
Sign in to upload your games and track your stats! →
Sign in with Steam
Match 32633480
Unlisted
Match 32633480
Overview
Messages
Build Orders
End
Vickers Machine Gun Team
Construct Section Command Post
Selects Indian Artillery Battlegroup
Infantry Section
Infantry Section
Construct Field Infirmary
Infantry Section
Selects Valour
Construct Platoon Command Post
Selects Gurkha Rifles Section
Gurkha Rifles Section
Royal Engineer Section
Construct Company Command Post
Selects Pillage
Crusader II Medium Tank
Selects Towed ML 4.2-inch Heavy Mortar
Selects Off-map Airburst Barrage
Crusader II Medium Tank
Off-map Airburst Barrage
Crusader II Medium Tank
Emilioboka
GröFaZ
0
0
Comments
sign in to comment!
No comments posted yet!